 Dungeon Crawl Stone Soup version 0.28.0-43-g3370ac3207 (webtiles) character file.

Game seed: 12312762923552756108

135 jimonade the Martial Artist (level 5, -8/60 HPs)
             Began as a Gnoll Wanderer on Mar 13, 2022.
             Killed from afar by an orc wizard (11 damage)
             ... with a magic dart
             ... on level 2 of the Dungeon.
             The game lasted 00:04:09 (1187 turns).

jimonade the Martial Artist (Gnoll Wanderer)        Turns: 1187, Time: 00:04:09

Health: -8/60      AC:  3    Str: 13    XL:     5   Next: 18%
Magic:  7/7        EV: 11    Int: 10    God:
Gold:   39         SH:  0    Dex: 13    Spells: 6/6 levels left

rFire   . . .      SeeInvis .     - Unarmed
rCold   . . .      Faith    .   (no shield)
rNeg    . . .      Spirit   .   e - +0 leather armour
rPois   .          Reflect  .   (no helmet)
rElec   .          Harm     .   (no cloak)
rCorr   .          Rampage  .   (no gloves)
Will    .....                   (no boots)
Stlth   ..........              (no amulet)
HPRegen 0.20/turn               (no ring)
MPRegen 0.10/turn               (no ring)

@: berserking (expiring), very quick
A: fangs 1, strong nose, distributed training
a: no special abilities


You were on level 2 of the Dungeon.
You visited 1 branch of the dungeon, and saw 2 of its levels.

You collected 39 gold pieces.

Inventory:

Hand Weapons
 a - a +0 dagger
 j - a +0 short sword
 k - a +0 hunting sling
 m - a +0 short sword
Missiles
 l - 31 stones (quivered)
 n - 6 poisoned darts
Armour
 e - a +0 leather armour (worn)
Wands
 d - a wand of flame (5)
Scrolls
 g - 2 scrolls of fear {unknown}
 h - a scroll of silence {unknown}
 i - a scroll of vulnerability {unknown}
Potions
 c - a potion of attraction
 f - a potion of heal wounds


   Skills:
 + Level 2.9 Fighting
 + Level 1.4 Short Blades
 + Level 1.4 Long Blades
 + Level 1.4 Axes
 + Level 1.4 Maces & Flails
 + Level 1.4 Polearms
 + Level 1.4 Staves
 + Level 1.4 Slings
 + Level 1.4 Bows
 + Level 1.4 Crossbows
 + Level 1.4 Throwing
 + Level 2.9 Armour
 + Level 1.4 Dodging
 + Level 1.4 Stealth
 + Level 1.4 Shields
 + Level 10.5 Unarmed Combat
 + Level 1.4 Spellcasting
 + Level 1.1 Conjurations
 + Level 1.1 Hexes
 + Level 1.1 Summonings
 + Level 1.1 Necromancy
 + Level 1.1 Translocations
 + Level 1.1 Transmutations
 + Level 1.1 Fire Magic
 + Level 1.1 Ice Magic
 + Level 1.1 Air Magic
 + Level 1.1 Earth Magic
 + Level 1.1 Poison Magic
 + Level 1.5 Invocations
 + Level 6.6 Evocations


You had 6 spell levels left.
You didn't know any spells.
Your spell library was empty.

Dungeon Overview and Level Annotations

Branches:
Dungeon (2/15)

Altars:


Innate Abilities, Weirdness & Mutations

You have very sharp teeth.
Your uncanny sense of smell can sniff out nearby items.
Your experience applies equally to all skills.


Message History

You hear some strange, mumbled words.
You closely miss something. Your punch misses something.
Something hits you but does no damage.
You bump into the rock wall.
Something hits you but does no damage.
You barely miss something. Your bite misses something.
You hear some strange, mumbled words.
Something hits you.
You bump into the rock wall.
You feel less confused. Something hits you.
You closely miss something. Something hits you.
* * * LOW HITPOINT WARNING * * *
A red film seems to cover your vision as you go berserk!
You feel yourself moving faster!
You feel mighty! Something hits you but does no damage.
You closely miss something. You closely miss something.
Your punch misses something. Your bite misses something. Something hits you.
* * * LOW HITPOINT WARNING * * *
You closely miss something. Your bite misses something.
You hear some strange, mumbled words.
You barely miss something. Your bite misses something. Something hits you.
* * * LOW HITPOINT WARNING * * *
You miss something. Something hits you.
* * * LOW HITPOINT WARNING * * *
You miss something. You closely miss something. Your bite misses something.
Something hits you.
* * * LOW HITPOINT WARNING * * *
You barely miss something. Your bite misses something.
You closely miss something.
You hear some strange, mumbled words. x2
A puff of flame appears from out of thin air!
The puff of flame hits you!
* * * LOW HITPOINT WARNING * * *
You barely miss something. Your punch misses something.
You closely miss something.
You hear some strange, mumbled words.
A magic dart appears from out of thin air!
The magic dart hits you!
You die...

### #.. #.# #.#
#.#
########.####
#....@{{)...#
#.######.##...).
#.# #.# ##. #.#
#.# #.# #.# #.#
#.# ∆ #.# #.#
#.# #.. #.#


There were no monsters in sight!

Vanquished Creatures
  A scorpion (D:2)
  An orc wizard (D:2)
  An adder (D:2)
  A worm (D:2)
  A dart slug (D:1)
  2 orcs (D:2)
  4 bats
  5 endoplasms
  A giant cockroach (D:1)
  3 goblins
  A hobgoblin (D:1)
  4 jackals (D:2)
  4 kobolds
  3 ball pythons
  5 frilled lizards
  2 rats (D:1)
39 creatures vanquished.

Notes
Turn   | Place    | Note
-------+----------+-------------------------------------------
     0 | D:1      | Reached skill level 10 in Unarmed Combat
     0 | D:1      | jimonade the Gnoll Wanderer began the quest for the Orb.
     0 | D:1      | jimonade set off with the following items: a +0 dagger, a
                  | potion of berserk rage, a potion of attraction, a wand of
                  | flame (5), a +0 leather armour, a potion of heal wounds
     0 | D:1      | Reached XP level 1. HP: 17/17 MP: 1/1
   114 | D:1      | Reached XP level 2. HP: 21/23 MP: 2/2
   481 | D:1      | Reached XP level 3. HP: 27/28 MP: 3/3
   615 | D:1      | Found a faded altar of an unknown god.
   941 | D:2      | Reached skill level 1 in Invocations
   971 | D:2      | Noticed a scorpion
   980 | D:2      | Killed a scorpion
   981 | D:2      | Reached skill level 1 in Short Blades
   981 | D:2      | Reached skill level 1 in Long Blades
   981 | D:2      | Reached skill level 1 in Axes
   981 | D:2      | Reached skill level 1 in Maces & Flails
   981 | D:2      | Reached skill level 1 in Polearms
   981 | D:2      | Reached skill level 1 in Staves
   981 | D:2      | Reached skill level 1 in Slings
   981 | D:2      | Reached skill level 1 in Bows
   981 | D:2      | Reached skill level 1 in Crossbows
   981 | D:2      | Reached skill level 1 in Throwing
   981 | D:2      | Reached skill level 1 in Dodging
   981 | D:2      | Reached skill level 1 in Stealth
   981 | D:2      | Reached skill level 1 in Shields
   981 | D:2      | Reached skill level 1 in Spellcasting
   981 | D:2      | Reached skill level 1 in Conjurations
   981 | D:2      | Reached skill level 1 in Hexes
   981 | D:2      | Reached skill level 1 in Summonings
   981 | D:2      | Reached skill level 1 in Necromancy
   981 | D:2      | Reached skill level 1 in Translocations
   981 | D:2      | Reached skill level 1 in Transmutations
   981 | D:2      | Reached skill level 1 in Fire Magic
   981 | D:2      | Reached skill level 1 in Ice Magic
   981 | D:2      | Reached skill level 1 in Air Magic
   981 | D:2      | Reached skill level 1 in Earth Magic
   981 | D:2      | Reached skill level 1 in Poison Magic
   981 | D:2      | Reached XP level 4. HP: 34/34 MP: 5/5
  1154 | D:2      | Reached XP level 5. HP: 39/40 MP: 5/7
  1185 | D:2      | HP: 3/60 [something/puff of flame (7)]
  1187 | D:2      | Killed from afar by an orc wizard

Illustrated notes

Levels and vault maps discovered:
D:1:      matt_arrival_grand_opening, layout_basic,
          ebering_ecumenical_altar_rust, serial_bayou_lagoon_a
D:2:      layout_loops_ring, nrook_uturn

Skill      XL: |  1  2  3 |
---------------+----------+-----
Unarmed Combat | | 10.5
Invocations    | 1 |  1.5
Short Blades   | 1 |  1.4
Long Blades    | 1 |  1.4
Axes           | 1 |  1.4
Maces & Flails | 1 |  1.4
Polearms       | 1 |  1.4
Staves         | 1 |  1.4
Slings         | 1 |  1.4
Bows           | 1 |  1.4
Crossbows      | 1 |  1.4
Throwing       | 1 |  1.4
Dodging        | 1 |  1.4
Stealth        | 1 |  1.4
Shields        | 1 |  1.4
Spellcasting   | 1 |  1.4
Conjurations   | 1 |  1.1
Hexes          | 1 |  1.1
Summonings     | 1 |  1.1
Necromancy     | 1 |  1.1
Translocations | 1 |  1.1
Transmutations | 1 |  1.1
Fire Magic     | 1 |  1.1
Ice Magic      | 1 |  1.1
Air Magic      | 1 |  1.1
Earth Magic    | 1 |  1.1
Poison Magic   | 1 |  1.1
Fighting       | |  2.9
Armour         | |  2.9
Evocations     | |  6.6

Action                   |  1- 3 |  4- 6 || total
-------------------------+-------+-------++-------
Melee: Unarmed           |    95 |    33 ||   128
       Bite              |     8 |       ||     8
       Punch             |     3 |     2 ||     5
Throw: Stone             |    11 |     5 ||    16
  Use: Potion            |       |     1 ||     1
 Stab: Sleeping          |     1 |       ||     1
Armor: Leather armour    |    34 |     6 ||    40
Dodge: Dodged            |    64 |    10 ||    74
